 Dungeon Crawl Stone Soup version 0.20.1-1-g8b1a95d (webtiles) character file.

62 Nattfarinn the Vexing (level 3, -2/37 HPs)
             Began as a Vampire Enchanter on Aug 2, 2017.
             Was an Initiate of Okawaru.
             Slain by a gnoll (7 damage)
             ... on level 2 of the Dungeon.
             The game lasted 00:04:04 (1223 turns).

Nattfarinn the Vexing (Vampire Enchanter)           Turns: 1223, Time: 00:04:04

Health: -2/37      AC:  7    Str: 12    XL:     3   Next: 85%
Magic:  6/6        EV: 11    Int: 18    God:    Okawaru [......]
Gold:   68         SH:  4    Dex: 17    Spells: 5/6 levels left

rFire    + . .     SeeInvis +   e - +0 short sword
rCold    . . .     Gourm    .   g - +0 buckler
rNeg     . . .     Faith    .   s - +2 leather armour {rF+}
rPois    .         Spirit   .   n - +1 helmet {SInv}
rElec    .         Reflect  .   (no cloak)
rCorr    .         Harm     .   (no gloves)
MR       .....                  (no boots)
Stlth    ..........             (no amulet)
Regen    0.4/turn               l - +3 ring of dexterity
MPRegen  0.1/turn               (no ring)

@: mighty, berserking, regenerating quickly, very quick
A: fangs 3, see invisible, unbreathing
a: Renounce Religion


You were on level 2 of the Dungeon.
You worshipped Okawaru.
Okawaru was noncommittal.
You were full.

You visited 1 branch of the dungeon, and saw 2 of its levels.

You collected 68 gold pieces.

Inventory:

Hand Weapons
 a - a +1 dagger
 e - a +0 short sword (weapon)
Armour
 b - a +0 robe
 g - a +0 buckler (worn)
 h - a +1 helmet
 n - a +1 helmet of see invisible (worn)
 s - a +2 leather armour of fire resistance (worn)
Jewellery
 l - a +3 ring of dexterity (left hand)
Scrolls
 i - 4 scrolls of identify {unknown}
 j - 3 scrolls of noise {unknown}
 o - a scroll of enchant armour {unknown}
 p - a scroll of teleportation {unknown}
 r - a scroll of magic mapping {unknown}
Potions
 d - 6 potions of blood
 f - a potion of might
 k - a potion of magic {unknown}
 m - a potion of mutation {unknown}
 q - a potion of berserk rage
Books
 c - a book of Maledictions

   Spells                             Type                      Level
   a - Corona                         Hexes                        1
   b - Ensorcelled Hibernation        Hexes/Ice                    2
   c - Confuse                        Hexes                        3
   d - Tukima's Dance                 Hexes                        3
   e - Dazzling Spray                 Conjuration/Hexes            3


   Skills:
 * Level 0.8 Fighting
 - Level 1.1 Short Blades
 - Level 2.1 Dodging
 + Level 5.4 Stealth
 - Level 2.0 Spellcasting
 * Level 6.0 Hexes


You had 5 spell levels left.
You knew the following spells:

 Your Spells              Type           Power        Failure   Level  Hunger
a - Corona                Hex            ###....      3%          1    #......


Dungeon Overview and Level Annotations

Branches:
Dungeon (2/15)

Altars:
Okawaru


Innate Abilities, Weirdness & Mutations

Your natural rate of healing is unusually fast.
You have razor-sharp teeth.
You have supernaturally acute eyesight. (SInv)
You can survive without breathing.


Message History

The gnoll misses you.
You hit the gnoll but do no damage. You block the gnoll's attack.
The gnoll closely misses you.
You hit the gnoll.
The gnoll is lightly wounded.
The gnoll hits you. The gnoll hits you but does no damage.
You hit the gnoll.
The gnoll is heavily wounded.
The gnoll hits you but does no damage. You block the gnoll's attack.
There is an iron altar of Okawaru here.
The gnoll hits you but does no damage. The gnoll hits you!
* * * LOW HITPOINT WARNING * * *
It was a potion of might.
You feel very mighty all of a sudden. The gnoll hits you but does no damage.
It was a potion of berserk rage.
A red film seems to cover your vision as you go berserk!
You feel yourself moving faster!
You feel mighty! The gnoll hits you!
You die...

### ##### ...#.#
#.......# ###.#.#.###
#....##.####...#......
.............#####.###
##.##.##.####)..#.....#
..##.##.#......#...#.#
#................#.#.#
..####..g#.....##..#.#.#
.....).@#.#........#.#.#
#.####.#g_.#....#).#.#.#
#..#.#)....#..#.#..
#...#......(....#..
#..)....##.######..
###.....##.!. ###
######## #.#


You could see 2 gnolls.

Vanquished Creatures
  2 adders (D:2)
  A worm (D:2)
  2 dart slugs (D:1)
  A leopard gecko (D:1)
  A bat (D:1)
  2 giant cockroaches (D:1)
  9 goblins
  6 hobgoblins
  2 jackals (D:1)
  A kobold (D:1)
  A frilled lizard (D:1)
  4 rats
32 creatures vanquished.

Notes
Turn   | Place    | Note
-------+----------+-------------------------------------------
     0 | D:1      | Nattfarinn the Vampire Enchanter began the quest for the Orb.
     0 | D:1      | Reached XP level 1. HP: 13/13 MP: 3/3
   297 | D:1      | Reached skill level 5 in Hexes
   304 | D:1      | Reached XP level 2. HP: 19/19 MP: 5/5
   596 | D:1      | Reached XP level 3. HP: 24/25 MP: 6/6
   931 | D:2      | Reached skill level 5 in Stealth
  1118 | D:2      | Reached skill level 6 in Hexes
  1184 | D:2      | Found an iron altar of Okawaru.
  1204 | D:2      | Became a worshipper of Warmaster Okawaru
  1223 | D:2      | Slain by a gnoll

Skill      XL: |  1  2  3 |
---------------+----------+-----
Hexes          | 5 6 |  6.0
Stealth        | 5 |  5.4
Fighting       | |  0.8
Short Blades   | |  1.1
Dodging        | |  2.1
Spellcasting   | |  2.0

Action                   || total
-------------------------++-------
Melee: Short sword       ||   127
       Dagger            ||     2
       Bite              ||     7
  Use: Potion            ||     4
 Stab: Sleeping          ||    11
  Eat: Corpse            ||     7
Armor: Robe              ||    27
       Leather armour    ||     5
Dodge: Dodged            ||    62
Block: Buckler           ||    26
